 Dungeon Crawl Stone Soup version 0.31-a0-675-g238779eb0a (webtiles) character file.

Game seed: 6376937127032312725

43 qw the Shooter (level 3, 0/22 HPs)
             Began as a Gargoyle Hunter on Sept 5, 2023.
             Slain by Robin
             ... wielding a +0 spear
              (3 damage)
             ... on level 2 of the Dungeon.
             The game lasted 00:00:23 (1488 turns).

qw the Shooter (Gargoyle Hunter)                    Turns: 1488, Time: 00:00:23

Health: 0/22       AC:  6    Str: 14    XL:     3   Next: 58%
Magic:  3/3        EV: 11    Int:  9    God:
Gold:   64         SH:  0    Dex: 15    Spells: 2/2 levels left

rFire   . . .        Y - +1 shortbow
rCold   . . .        (shield currently unavailable)
rNeg    + . .        c - +0 leather armour
rPois   inf          (no helmet)
rElec   +            (no cloak)
rCorr   .            (no gloves)
SInv    .            (no boots)
Will    .....        (no amulet)
Stlth   ++           (no ring)
HPRegen 0.23/turn    (no ring)
MPRegen 0.08/turn

%: no passive effects
@: no status effects
A: sickness immunity, AC +3, negative energy resistance 1, electricity
resistance, torment resistance 1, petrification resistance
a: no special abilities


You were on level 2 of the Dungeon.
You visited 1 branch of the dungeon, and saw 2 of its levels.

You collected 64 gold pieces.


Innate Abilities, Weirdness & Mutations

You are immune to sickness and miasma.
Your stone body is resilient. (AC +3)
You are immune to poison.
You resist negative energy. (rN+)
You are resistant to electric shocks. (rElec)
You are resistant to unholy torment.
You are immune to petrification.


   Skills:
 + Level 2.7 Fighting
 - Level 5.0 Ranged Weapons
 - Level 1.5 Dodging
 - Level 1.1 Stealth


You had 2 spell levels left.
You didn't know any spells.
Your spell library was empty.

Inventory:

Hand Weapons
 Y - a +1 shortbow (weapon)
Armour
 c - a +0 leather armour (worn)
Scrolls
 a - 2 scrolls of teleportation
 b - a scroll of silence {unknown}
 e - 3 scrolls of identify {unknown}
Potions
 d - a potion of lignification {unknown}
 f - a potion of curing {unknown}
 h - a potion of mutation {unknown}
 m - a potion of haste

Dungeon Overview and Level Annotations

Branches:
Dungeon (2/15)

Altars:
Sif Muna

Shops:
D:1 ?

Annotations:
D:2 1 runed translucent door, Crazy Yiuf, Robin


Message History

The goblin misses you. The goblin hits you but does no damage.
The goblin misses you. The goblin completely misses you.
You shoot an arrow. The arrow hits the goblin.
You kill the goblin!
A hobgoblin comes into view.
The goblin barely misses you.
You shoot an arrow. The arrow barely misses the goblin.
The goblin barely misses you. The goblin hits you with a +0 dagger.
Robin says, "My goblins will feast on your bones."
You shoot an arrow. The arrow hits the goblin.
You kill the goblin!
Robin says, "Duck!"
Robin closely misses you. The goblin closely misses you.
You shoot an arrow. The arrow hits the goblin.
The goblin is severely wounded.
The goblin hits you with a +0 dagger.
You shoot an arrow. The arrow hits the goblin.
You kill the goblin!
Robin hits you but does no damage. Robin throws the goblin at you!
The goblin hits you with a +0 club.
You shoot an arrow. The arrow hits the goblin.
You kill the goblin!
Robin hits you from afar with a +0 spear.
You shoot an arrow. The arrow hits Robin!
Robin is heavily wounded.
The goblin no longer looks unusually strong.
Robin throws the goblin at you!
You shoot an arrow. The arrow hits the goblin.
The goblin is moderately wounded.
The goblin hits you but does no damage.
Robin roars a battlecry!
The goblin goes into a battle-frenzy!
You shoot an arrow. The arrow hits the goblin.
You kill the goblin!
Robin hits you from afar with a +0 spear.
You shoot an arrow. The arrow hits Robin.
Robin is severely wounded.
Robin hits you from afar with a +0 spear. x2
You die...
Robin says, "And that's why I'm the boss."

### ###### #.#######
.....# #))gg.... ####.#
#@################ #.#
#.##..?........... #.#
#.##.#############
####.#### #.##.#
........# #.##.#
........# #.##.#
........########.##.#
........#......#..#.#
........#.####.#.##.###


You could see Robin and a hobgoblin (strong).

Vanquished Creatures
  An adder (D:2)
  A worm (D:2)
  A dart slug (D:1)
  2 ball pythons (D:1)
  3 endoplasms (D:1)
  2 giant cockroaches (D:1)
  7 goblins
  2 quokkas
  3 bats
  2 kobolds (D:2)
  3 rats
27 creatures vanquished.

Notes
Turn   | Place    | Note
-------+----------+-------------------------------------------
     0 | D:1      | qw the Gargoyle Hunter began the quest for the Orb.
     0 | D:1      | Reached XP level 1. HP: 12/12 MP: 1/1
     0 | D:1      | 0 ||| qw: Version: 0.3-a-75-g829b12e
     0 | D:1      | 0 ||| qw: Game counter: 44
     0 | D:1      | 0 ||| qw: Melee chars always use a shield: true
     0 | D:1      | 0 ||| qw: God list: Okawaru
     0 | D:1      | 0 ||| qw: Allow faded altars: false
     0 | D:1      | 0 ||| qw: Do Orc after clearing Dungeon:15 true
     0 | D:1      | 0 ||| qw: Do second Lair branch before Depths: true
     0 | D:1      | 0 ||| qw: Lair rune preference: random
     0 | D:1      | 0 ||| qw: Goals: Normal
     0 | D:1      | 0 ||| PLANNING D:1-11
   183 | D:1      | Reached XP level 2. HP: 17/17 MP: 2/2
   602 | D:1      | Found The Oracle's Delphic Readings.
   606 | D:1      | 606 ||| SHOPLISTING scroll of identify (22 gold, have 15).
   606 | D:1      | 606 ||| SHOPLISTING scroll of teleportation (33 gold, have
                  | 15).
   915 | D:1      | 915 ||| READING scroll labelled PANAGROALO.
   916 | D:1      | 916 ||| READING scroll labelled RIEDUQ LOISCH.
   917 | D:1      | 917 ||| READING scroll labelled IFAUFUBESI.
   921 | D:1      | 921 ||| READING scroll labelled JYJUDUOKHLI.
   922 | D:1      | 922 ||| READING scroll labelled IFUS YDIWIA.
   923 | D:1      | 923 ||| READING scroll labelled KOELUS HESYDU.
   924 | D:1      | 924 ||| READING scroll labelled GECUMAOBLU.
   937 | D:1      | 937 ||| DRINKING 2 glowing blue potions.
   938 | D:1      | 938 ||| DROPPING scroll of butterflies.
  1033 | D:2      | Reached skill level 5 in Ranged Weapons
  1033 | D:2      | Reached XP level 3. HP: 21/21 MP: 3/3
  1071 | D:2      | Found a shimmering blue altar of Sif Muna.
  1171 | D:2      | Found a runed translucent door.
  1172 | D:2      | Noticed Crazy Yiuf
  1213 | D:2      | Found a faded altar of an unknown god.
  1472 | D:2      | Noticed Robin
  1488 | D:2      | HP: 3/22 [Robin/+0 spear (4)]
  1488 | D:2      | Slain by Robin

Levels and vault maps discovered:
D:1:      dpeg_arrival_leaves_temple_mockup, layout_basic,
          nicolae_nh_oracle_at_delphi
D:2:      layout_basic, hellmonk_ecumenical_altar_inner_sanctum, basic_altar,
          uniq_robin, uniq_crazy_yiuf_cottage

Skill      XL: |  1  2 |
---------------+-------+-----
Ranged Weapons | 5 |  5.0
Fighting       | |  2.7
Dodging        | |  1.5
Stealth        | |  1.1

Action                     || total
---------------------------++-------
   Fire: Shortbow          ||    75
    Use: Scroll            ||     7
         Potion            ||     1
 Armour: Leather armour    ||    26
  Dodge: Dodged            ||    13

Table legend:
 A = Non-vault XP
 B = Vault XP
 C = Vault XP percentage of total XP
 D = Non-vault monster count
 E = Vault monster count
 F = Vault count percentage of total count
                 A         B        C        D         E       F
            +---------+---------+-------+---------+---------+-------
      Total |      48 |      14 |  22.6 |      19 |       8 |  29.6
            +---------+---------+-------+---------+---------+-------
        D:1 |      22 |       4 |  15.4 |      12 |       2 |  14.3
        D:2 |      26 |      10 |  27.8 |       7 |       6 |  46.2
            +---------+---------+-------+---------+---------+-------
